 Dungeon Crawl Stone Soup version 0.19.5 (webtiles) character file.

546 Peloso the Shield-Bearer (level 7, -1/60 HPs)
             Began as a Minotaur Fighter on Apr 18, 2017.
             Slain by an ice beast (14 damage)
             ... on level 5 of the Dungeon.
             The game lasted 00:07:16 (3679 turns).

Peloso the Shield-Bearer (Minotaur Fighter)         Turns: 3679, Time: 00:07:17

Health: -1/60      AC: 14    Str: 21    XL:     7   Next: 6%
Magic:  6/6        EV:  6    Int:  5    God:
Gold:   267        SH: 10    Dex: 11    Spells: 0 memorised, 6 levels left

rFire  . . .     SeeInvis .     a - +1 long sword
rCold  . . .     Gourm    .     x - +0 chain mail
rNeg   . . .     Faith    .     c - +0 shield
rPois  .         Spirit   .     (helmet restricted)
rElec  .         Reflect  .     (no cloak)
rCorr  .         Harm     .     (no gloves)
MR     .....                    (no boots)
Stlth  ..........               (no amulet)
                                (no ring)
                                o - +4 ring of protection

@: no status effects
A: retaliatory headbutt, horns 2
a: no special abilities


You were on level 5 of the Dungeon.
You were not hungry.

You visited 1 branch of the dungeon, and saw 5 of its levels.

You collected 267 gold pieces.

Inventory:

Hand Weapons
 a - a +1 long sword (weapon)
 s - a +1 hand axe of chopping
 w - a +1 whip of flaming
Armour
 b - a +0 scale mail
 c - a +0 shield (worn)
 x - a +0 chain mail (worn)
Jewellery
 o - a +4 ring of protection (left hand)
Wands
 v - a wand of slowing (45/48)
Scrolls
 j - 3 scrolls of remove curse
 m - 3 scrolls of identify
 t - a scroll of enchant weapon
 u - a scroll of fear
Potions
 d - a potion of might
 e - 4 potions of curing
 h - 2 potions of agility {unknown}
 l - a potion of lignification {unknown}
 q - 2 potions of flight {unknown}
 r - a potion of brilliance {unknown}
 z - a potion of degeneration {unknown}
 A - a potion of magic {unknown}
 B - 2 potions of invisibility {unknown}
 D - 2 potions of ambrosia {unknown}
Comestibles
 f - 6 bread rations
 g - 3 meat rations
 i - 2 slices of pizza
 k - 2 beef jerkies
 n - 3 fruits
 p - 5 chunks of flesh


   Skills:
 + Level 4.8 Fighting
 + Level 5.4 Long Blades
 + Level 5.7 Armour
 + Level 1.6 Dodging
 + Level 5.8 Shields


You had 6 spell levels left.
You didn't know any spells.

Dungeon Overview and Level Annotations

Branches:
Dungeon (5/15)
 Temple: D:4-7

Altars:


Innate Abilities, Weirdness & Mutations

You reflexively headbutt those who attack you in melee.
You have a pair of horns on your head.


Message History

The orc shouts!
The orc moves out of view.
An ice beast comes into view.
Found 25 gold pieces.
Found an escape hatch in the ceiling.
You see here 20 stones.
You slash the ice beast!
The ice beast is moderately wounded.
The ice beast hits you. The ice beast freezes you!
* * * LOW HITPOINT WARNING * * *
You hit the ice beast but do no damage. Your headbutt misses the ice beast.
The ice beast is moderately wounded.
The ice beast barely misses you.
You riposte.
You hit the ice beast but do no damage.
The ice beast is moderately wounded.
You slash the ice beast!
The ice beast is heavily wounded.
The ice beast hits you.
* * * LOW HITPOINT WARNING * * *
The ice beast freezes you!
You die...

#######
....... #.
....... #..
.......
#.###.......
#.#o(..o....
#.#Y#.......
#.#@#.....<.
###...#..Y....
#....##.......
#.#.## ...$...
# #)# #..$...
#)# ...... #.#
#.# ##.#


You could see an ice beast and an orc.

Vanquished Creatures
  An ice beast (D:5)
  An orc priest (D:5)
  A bullfrog skeleton (D:4)
  3 orc wizards (D:5)
  Natasha (thrice) (D:2)
  A worker ant (D:4)
  Robin (D:2)
  4 gnolls (D:3)
  5 adders
  An ooze (D:4)
  3 worms
  3 dart slugs
  2 leopard geckos
  13 orcs
  4 bats
  3 giant cockroaches
  15 goblins
  9 hobgoblins
  2 quokkas
  7 frilled lizards
  9 kobolds
  5 rats
96 creatures vanquished.

Notes
Turn   | Place    | Note
-------+----------+-------------------------------------------
     0 | D:1      | Peloso the Minotaur Fighter began the quest for the Orb.
     0 | D:1      | Reached XP level 1. HP: 19/19 MP: 0/0
    99 | D:1      | Reached XP level 2. HP: 26/27 MP: 1/1
   581 | D:2      | Noticed Robin
   604 | D:2      | Reached XP level 3. HP: 27/33 MP: 2/2
   612 | D:2      | Killed Robin
   736 | D:2      | Noticed Natasha
   741 | D:2      | Killed Natasha
   741 | D:2      | Reached XP level 4. HP: 40/40 MP: 3/3
   890 | D:2      | Noticed Natasha
   904 | D:2      | Killed Natasha
   912 | D:2      | Noticed Natasha
   928 | D:2      | Killed Natasha
  1394 | D:3      | Reached skill level 5 in Armour
  1465 | D:3      | Reached XP level 5. HP: 44/46 MP: 4/4
  2094 | D:3      | Reached skill level 1 in Dodging
  2094 | D:3      | Reached skill level 5 in Shields
  2740 | D:4      | Reached XP level 6. HP: 41/53 MP: 5/5
  3421 | D:5      | Entered Level 5 of the Dungeon
  3458 | D:5      | Noticed an ice beast
  3485 | D:5      | Killed an ice beast
  3485 | D:5      | Reached skill level 5 in Long Blades
  3652 | D:5      | Reached XP level 7. HP: 34/60 MP: 6/6
  3679 | D:5      | Slain by an ice beast

Skill      XL: |  1  2  3  4  5  6 |
---------------+-------------------+-----
Shields        | 4 5 |  5.8
Armour         | 4 5 |  5.7
Long Blades    | 3 4 5 |  5.4
Fighting       | 4 |  4.8
Dodging        | 1 |  1.6

Action                   |  1- 3 |  4- 6 |  7- 9 || total
-------------------------+-------+-------+-------++-------
Melee: Long sword        |    72 |   214 |    15 ||   301
       Headbutt          |    13 |    31 |     2 ||    46
  Use: Scroll            |       |     9 |       ||     9
  Eat: Chunk             |       |     9 |       ||     9
Armor: Scale mail        |    35 |    47 |       ||    82
       Chain mail        |       |    52 |     7 ||    59
Dodge: Dodged            |    23 |    65 |     3 ||    91
Block: Shield            |    40 |   115 |     8 ||   163
       Rpst.: Long sword |     7 |    17 |     1 ||    25
